 Dungeon Crawl Stone Soup version 0.31-a0-237-g2d982f9f85 (webtiles) character file.

Game seed: 12778980300868145841

77 qw the Shooter (level 4, -1/37 HPs)
             Began as a Minotaur Hexslinger on July 10, 2023.
             Slain by Sigmund
             ... wielding a +3 scythe of flaming
              (4 damage)
             ... on level 3 of the Dungeon.
             The game lasted 00:00:40 (2024 turns).

qw the Shooter (Minotaur Hexslinger)                Turns: 2024, Time: 00:00:40

Health: -1/37      AC:  5    Str: 12    XL:     4   Next: 14%
Magic:  4/4        EV: 11    Int: 10    God:
Gold:   149        SH:  0    Dex: 15    Spells: 4/5 levels left

rFire   . . .        Y - +1 sling
rCold   . . .        (no shield)
rNeg    . . .        g - +0 ring mail
rPois   .            (helmet restricted)
rElec   .            (no cloak)
rCorr   .            (no gloves)
SInv    .            (no boots)
Will    .....        (no amulet)
Stlth   +            (no ring)
HPRegen 0.26/turn    (no ring)
MPRegen 0.09/turn

%: no passive effects
@: no status effects
A: horns 2, retaliatory headbutt
a: no special abilities


You were on level 3 of the Dungeon.
You visited 1 branch of the dungeon, and saw 3 of its levels.

You collected 149 gold pieces.


Innate Abilities, Weirdness & Mutations

You have a pair of horns on your head.
You reflexively headbutt those who attack you in melee.


   Skills:
 - Level 2.5 Fighting
 + Level 4.2 Ranged Weapons
 - Level 1.0 Armour
 - Level 2.1 Dodging
 - Level 1.0 Spellcasting
 - Level 2.0 Hexes


You had 4 spell levels left.
You knew the following spells:

 Your Spells              Type           Power      Damage    Failure   Level
a - Slow                  Hex            16%        N/A       34%         1

Your spell library contained the following spells:

 Spells                   Type           Power      Damage    Failure   Level
 Inner Flame              Hex/Fire       2%         N/A       83%         3
 Portal Projectile        Hex/Tloc       4%         N/A       83%         3
 Cause Fear               Hex            2%         N/A       98%         4

Inventory:

Hand Weapons
 Y - a +1 sling (weapon)
Armour
 g - a +0 ring mail (worn)
Scrolls
 f - a scroll of identify
Potions
 e - a potion of attraction {unknown}
 h - a potion of haste {unknown}
 j - a potion of mutation {unknown}

Dungeon Overview and Level Annotations

Branches:
Dungeon (3/15)

Altars:
Dithmenos
Wu Jian

Annotations:
D:3 Sigmund


Message History

You shoot a sling bullet.
The sling bullet hits Sigmund but does no damage.
Sigmund is moderately wounded.
Sigmund casts a spell at you. The magic dart hits you!
Sigmund points at you and mumbles some strange words.
The puff of flame hits you!
Enter note:
Enter note:
Enter note:
Enter note:
Enter note:
Enter note:
Enter note:
Enter note: Sigmund mumbles some strange words.
Sigmund flickers and vanishes!
Deactivating autopickup; reactivate with Ctrl-A.
Autopickup is now on.
Enter note:
Enter note:
Enter note:
Enter note: You start resting.
There is a strange disturbance nearby!
2020 ||| Stepping randomly (disturbance).
Really walk into a travel-excluded area?
Something hits you but does no damage.
Deactivating autopickup; reactivate with Ctrl-A.
Autopickup is now on.
Enter note:
Enter note:
There is a strange disturbance nearby!
Something hits you but does no damage.
Deactivating autopickup; reactivate with Ctrl-A.
You shoot a sling bullet. Something hits you. Something burns you.
You shoot a sling bullet. Something hits you! Something burns you.
You die...

#. ##¤.¤# #. #¤¤.¤¤#
#######. ¤¤¤¤¤¤¤##
### ........
¤¤.¤¤¤¤¤####..
...##...
...¤¤¤¤¤¤.##.#
.......
¤.%_¤¤¤...##.#
#.#.....
......¤{..##.#####
...###.
¤...¤¤¤#@.......#####
#. ¤.¤.¤¤##.##.###.#
##+ ¤¤.¤¤#
#.##.###.## ##..
#.@.# #.##.##...#
##... #....
#.##......# ##....
$..#
###.####....###.....
...
..............+.....
..
########...####.....
##..# #....


There were no monsters in sight!

Vanquished Creatures
  2 adders (D:2)
  2 worms (D:2)
  2 dart slugs
  5 endoplasms
  4 giant cockroaches
  6 hobgoblins
  5 jackals (D:3)
  3 quokkas
  A ball python (D:3)
  3 bats
  A frilled lizard (D:3)
  5 goblins
  3 kobolds
  3 rats
45 creatures vanquished.

Notes
Turn   | Place    | Note
-------+----------+-------------------------------------------
     0 | D:1      | qw the Minotaur Hexslinger began the quest for the Orb.
     0 | D:1      | Reached XP level 1. HP: 16/16 MP: 1/1
     0 | D:1      | 0 ||| qw: Version: 0.3-a-52-g30416fa
     0 | D:1      | 0 ||| qw: Game counter: 5371
     0 | D:1      | 0 ||| qw: Melee chars always use a shield: true
     0 | D:1      | 0 ||| qw: God list: Okawaru
     0 | D:1      | 0 ||| qw: Allow faded altars: false
     0 | D:1      | 0 ||| qw: Do Orc after clearing Dungeon:15 true
     0 | D:1      | 0 ||| qw: Do second Lair branch before Depths: true
     0 | D:1      | 0 ||| qw: Lair rune preference: random
     0 | D:1      | 0 ||| qw: Goals: Normal
     0 | D:1      | 0 ||| PLANNING D:1-11
   258 | D:1      | Found a faded altar of an unknown god.
   396 | D:1      | Reached skill level 3 in Ranged Weapons
   428 | D:1      | Reached XP level 2. HP: 23/23 MP: 2/2
   979 | D:1      | 979 ||| UPGRADING to +0 ring mail.
   989 | D:1      | 989 ||| DROPPING +0 robe.
   990 | D:1      | 990 ||| READING scroll labelled DEUKI UZIVY.
   991 | D:1      | 991 ||| READING 2 scrolls labelled WIANOEHEXI.
   992 | D:1      | 992 ||| READING scroll labelled QUWNAI ZEETEN.
   997 | D:1      | 997 ||| DROPPING scroll of poison.
  1059 | D:2      | Reached XP level 3. HP: 27/30 MP: 3/3
  1456 | D:2      | Reached skill level 4 in Ranged Weapons
  1672 | D:2      | 1672 ||| READING scroll labelled TEASONG COHEN.
  1724 | D:3      | Reached skill level 1 in Armour
  1732 | D:3      | Reached XP level 4. HP: 36/37 MP: 4/4
  1736 | D:3      | Found an ornate altar of the Wu Jian Council.
  1995 | D:3      | Found a shadowy altar of Dithmenos.
  2000 | D:3      | Noticed Sigmund
  2020 | D:3      | 2020 ||| Stepping randomly (disturbance).
  2023 | D:3      | HP: 9/37 [something (1)]
  2024 | D:3      | HP: 3/37 [something (7)]
  2024 | D:3      | Slain by Sigmund

Levels and vault maps discovered:
D:1:      minmay_arrival_nine_rooms, layout_basic,
          hellmonk_ecumenical_altar_lost_god
D:2:      layout_basic, kennysheep_generic_room_15
D:3:      layout_loops_corners, nicolae_dithmenos_the_darkroom,
          nicolae_wu_jian_wuxing_cycle, nicolae_shop_vocational, uniq_sigmund,
          uniq_terence

Skill      XL: |  1  2  3 |
---------------+----------+-----
Ranged Weapons | 3 4 |  4.2
Fighting       | 2 |  2.5
Armour         | 1 |  1.0
Dodging        | |  2.1
Spellcasting   | |  1.0
Hexes          | |  2.0

Action                     |  1- 3 |  4- 6 || total
---------------------------+-------+-------++-------
   Fire: Sling             |   113 |    41 ||   154
    Use: Scroll            |     4 |       ||     4
 Armour: Ring mail         |    14 |     5 ||    19
  Dodge: Dodged            |    42 |    17 ||    59

Table legend:
 A = Non-vault XP
 B = Vault XP
 C = Vault XP percentage of total XP
 D = Non-vault monster count
 E = Vault monster count
 F = Vault count percentage of total count
                 A         B        C        D         E       F
            +---------+---------+-------+---------+---------+-------
      Total |     107 |       4 |   3.6 |      44 |       1 |   2.2
            +---------+---------+-------+---------+---------+-------
        D:1 |      21 |       0 |   0.0 |      11 |       0 |   0.0
        D:2 |      61 |       4 |   6.2 |      19 |       1 |   5.0
        D:3 |      25 |       0 |   0.0 |      14 |       0 |   0.0
            +---------+---------+-------+---------+---------+-------
